 Dungeon Crawl Stone Soup version 0.28-a0-199-g298df9dbad (webtiles) character file.

Game seed: 6089320441491638452

6934 freelancePsychic the Magus (level 10, -14/83 HPs)
             Began as a Demonspawn Hedge Wizard on Aug 20, 2021.
             Was an Elder of Nemelex Xobeh.
             Demolished by a manticore (17 damage)
             ... on level 10 of the Dungeon.
             The game lasted 00:19:14 (14900 turns).

freelancePsychic the Magus (DsWz)                  Turns: 14900, Time: 00:19:15

Health: -14/83     AC: 12    Str: 13    XL:     10   Next: 80%
Magic:  18/18      EV: 17    Int: 16    God:    Nemelex Xobeh [****..]
Gold:   830        SH:  0    Dex: 13    Spells: 13/16 levels left

rFire   . . .      SeeInvis +   P - +0 dire flail
rCold   . . .      Faith    .   (shield currently unavailable)
rNeg    . . .      Spirit   .   K - +0 steam dragon scales
rPois   .          Reflect  .   c - +0 hat
rElec   .          Harm     .   (no cloak)
rCorr   .          Rampage  .   B - +0 pair of gloves
Will    .....                   (no boots)
Stlth   ++........              (no amulet)
HPRegen 0.23/turn               N - ring of see invisible
MPRegen 0.16/turn               (no ring)

@: agile, sanguine armoured
A: horns 2, powered by pain 1, spiny 1, sanguine armour 1
a: Renounce Religion, Draw Escape, Draw Destruction, Draw Summoning, Triple
Draw, Deal Four


You were on level 10 of the Dungeon.
You worshipped Nemelex Xobeh.
Nemelex Xobeh was greatly pleased with you.
You visited 1 branch of the dungeon, and saw 10 of its levels.

You collected 830 gold pieces.

Inventory:

Hand Weapons
 a - a +0 whip of electrocution
 b - a +4 hunting sling of flaming
 d - a +0 great mace
 v - a +0 dagger
 F - a +0 hunting sling
 P - a +0 dire flail (weapon)
Missiles
 e - 123 stones
 t - 12 boomerangs
 z - 66 sling bullets
 A - 4 javelins
Armour
 c - a +0 hat (worn)
 m - a +0 ring mail
 x - the +1 chain mail of the Red Skies {rElec}
   (You found it on level 4 of the Dungeon)

   rElec:     It insulates you from electricity.
 B - a +0 pair of gloves (worn)
 K - +0 steam dragon scales (worn)
 M - a +0 kite shield
Jewellery
 s - a ring of ice
 N - a ring of see invisible (left hand)
Wands
 f - a wand of paralysis (9)
 C - a wand of acid (7)
 G - a wand of mindburst (14)
 H - a wand of polymorph (12)
 J - a wand of flame (20)
Scrolls
 j - 4 scrolls of magic mapping
 l - 6 scrolls of teleportation {@r4}
 w - a scroll of silence
 y - 3 scrolls of enchant weapon
 L - a scroll of torment
Potions
 g - 2 potions of attraction
 h - 2 potions of lignification {unknown}
 i - 2 potions of berserk rage {unknown}
 k - 2 potions of brilliance {unknown}
 n - 4 potions of haste {@q3}
 o - 2 potions of degeneration {unknown}
 p - 4 potions of curing {unknown}
 q - a potion of mutation {unknown}
 r - 2 potions of invisibility {unknown}
 u - 3 potions of heal wounds {unknown}
 D - a potion of might {unknown}
 E - a potion of cancellation {unknown}


   Skills:
 + Level 9.5 Fighting
 + Level 8.4 Maces & Flails
 - Level 1.3(1.6) Slings
 - Level 1.2(1.6) Throwing
 - Level 1.7 Dodging
 - Level 1.7 Stealth
 - Level 3.5 Spellcasting
 - Level 2.1 Conjurations
 - Level 1.4 Summonings
 - Level 0.8 Translocations
 + Level 11.8 Invocations


You had 13 spell levels left.
You knew the following spells:

 Your Spells              Type           Power      Damage    Failure   Level
a - Magic Dart            Conj           36%        1d4       8%          1
b - Call Imp              Summ           7%         N/A       16%         2

Your spell library contained the following spells:

 Spells                   Type           Power      Damage    Failure   Level
 Searing Ray              Conj           18%        3d3       12%         2
 Pain                     Necr           8%         1d4       19%         1
 Blink                    Tloc           N/A        N/A       19%         2
 Corpse Rot               Necr/Air       N/A        N/A       26%         2
 Slow                     Hex            2%         N/A       26%         2
 Conjure Flame            Conj/Fire      6%         6-21      34%         3
 Mephitic Cloud           Conj/Pois/Air  5%         N/A       38%         3
 Fulminant Prism          Conj/Hex       3%         3d6       75%         4
 Dispel Undead            Necr           2%         3d7       87%         4
 Manifold Assault         Tloc           5%         N/A       98%         5
 Agony                    Necr           2%         N/A       99%         5
 Excruciating Wounds      Necr           1%         N/A       99%         5
 Death Channel            Necr           1%         N/A       100%        6
 Storm Form               Tmut/Air       1%         N/A       100%        7


Dungeon Overview and Level Annotations

Branches:
Dungeon (10/15)            Temple (0/1) D:6            Lair (0/6) D:10
    Orc (0/2) D:9

Altars:
Dithmenos
Elyvilon
Gozag
Hepliaklqana
Nemelex Xobeh
Okawaru
Sif Muna
Uskayaw
Xom

Shops:
D:5 (

Annotations:
D:2 exclusion: black bear
D:5 1 runed translucent door, mdonais's ghost, amateur OpBr
D:10 exclusions: basilisk and manticore


Innate Abilities, Weirdness & Mutations

You have a pair of horns on your head.
You sometimes gain a little power by taking damage.
You are partially covered in sharp spines.
When seriously injured, your bleeding wounds create armour. (AC +6)


Message History

The manticore barely misses you.
You barely miss the manticore.
The manticore is moderately wounded.
The manticore is struck by your spines. The manticore closely misses you. x2
The manticore claws you.
You barely miss the manticore.
The manticore is moderately wounded.
The manticore is struck by your spines. The manticore barely misses you.
The manticore completely misses you. The manticore claws you!
You focus on the pain.
You feel agile all of a sudden.
You hit the manticore but do no damage. You headbutt the manticore.
The manticore is heavily wounded.
The manticore bites you!
Your blood congeals into armour.
The manticore claws you but does no damage.
The manticore barely misses you.
You barely miss the manticore. You headbutt the manticore.
The manticore is heavily wounded.
You draw a card...
You have drawn the Tomb.
Walls emerge from the floor!
The manticore bites you!!
You focus on the pain.
You feel more agile all of a sudden. The manticore claws you.
* * * LOW HITPOINT WARNING * * *
The manticore barely misses you.
You draw a card...
You have drawn Wild Magic.
The manticore is jolted!
You feel a surge of magic.
The deck of cards glows with a rainbow of weird colours and disappears.
The manticore bites you!
* * * LOW HITPOINT WARNING * * *
The manticore claws you!
* * * LOW HITPOINT WARNING * * *
The manticore barely misses you.
That deck is empty!
Okay, then.
You puncture the manticore!
You headbutt the manticore, but do no damage.
The manticore is almost dead.
The manticore bites you!
You die...
Your body glows with a rainbow of weird colours and disappears.

#.##########.# #.#
#.# #.# #.# #†# #.#
#†# #.# #.# #.# #.#
#.# ########## #.#
#......@## #.#
#####..##.###H####.#.
#.# ....[
.......>....... #.# #
#.... #####.....##...
#.# ## #...
##............ #.# .#
#... ....H.####...#.#
#.# .## #..##......
#..# #.# ..#
#..#...###
..#.####.#### #.#
#..#...# .#
.............


You could see a manticore.

Vanquished Creatures
  2 two-headed ogres (D:9)
  A kobold demonologist (D:9)
  An unseen horror (D:10)
  6 yaks (D:9)
  A fire bat (D:4)
  5 steam dragons
  An acid dragon (D:8)
  4 water moccasins
  4 orc warriors
  A sky beast (D:6)
  An ice beast (D:6)
  3 ogres
  A phantom (D:6)
  2 centaurs
  A bullfrog (D:6)
  2 scorpions (D:5)
  A wyvern zombie (D:6)
  4 killer bees (D:10)
  3 wights (D:9)
  A howler monkey (D:6)
  2 jellies
  2 bullfrog zombies
  2 hounds
  A gnoll shaman (D:9)
  2 orc priests
  3 centaur skeletons
  14 orc wizards
  2 iguanas
  A howler monkey zombie (D:8)
  5 gnolls
  4 adders
  2 white imps
  An ufetubus (D:4)
  A worm (D:2)
  A dart slug (D:3)
  31 orcs
  7 endoplasms
  2 giant cockroaches
  8 hobgoblins
  4 jackals
  4 quokkas
  6 ball pythons
  5 bats
  4 frilled lizards
  6 goblins
  11 kobolds
  7 rats
183 creatures vanquished.

Vanquished Creatures (collateral kills)
  3 orc warriors
  2 wights (D:9)
  An orc priest (D:4)
  An orc wizard (D:4)
  2 adders (D:2)
  5 orcs
  2 jackals (D:2)
16 creatures vanquished.

Vanquished Creatures (others)
  3 fungi (D:2)
  11 plants
14 creatures vanquished.

Grand Total: 213 creatures vanquished

Notes
Turn   | Place    | Note
-------+----------+-------------------------------------------
     0 | D:1      | freelancePsychic the Demonspawn Hedge Wizard began the
                  | quest for the Orb.
     0 | D:1      | Reached XP level 1. HP: 13/13 MP: 4/4
   520 | D:1      | Gained mutation: You have a pair of small horns on your
                  | head. [demonic ancestry]
   520 | D:1      | Reached XP level 2. HP: 17/19 MP: 6/6
  1502 | D:1      | Learned a level 2 spell: Call Imp
  1684 | D:2      | Found a sparkling altar of Nemelex Xobeh.
  1691 | D:2      | Became a worshipper of Nemelex Xobeh the Trickster
  1740 | D:2      | Gained mutation: You have a pair of horns on your head.
                  | [demonic ancestry]
  1740 | D:2      | Reached XP level 3. HP: 20/24 MP: 1/8
  1910 | D:2      | Found a faded altar of an unknown god.
  2110 | D:2      | Reached skill level 1 in Invocations
  2134 | D:2      | Reached skill level 1 in Fighting
  2233 | D:2      | Noticed a black bear
  2839 | D:3      | Gained mutation: You sometimes gain a little power by
                  | taking damage. [demonic ancestry]
  2839 | D:3      | Reached XP level 4. HP: 32/32 MP: 9/9
  3232 | D:3      | Reached skill level 1 in Slings
  3397 | D:3      | Reached * piety under Nemelex Xobeh
  3492 | D:3      | Received a gift from Nemelex Xobeh
  3574 | D:3      | Found an iron altar of Okawaru.
  4219 | D:4      | Reached skill level 1 in Maces & Flails
  4221 | D:4      | Gained mutation: You are partially covered in sharp spines.
                  | [demonic ancestry]
  4221 | D:4      | Reached XP level 5. HP: 34/38 MP: 10/10
  4481 | D:4      | Identified the +1 chain mail of the Red Skies {rElec}
  4561 | D:4      | Reached skill level 2 in Invocations
  4823 | D:4      | Received a gift from Nemelex Xobeh
  5003 | D:4      | Noticed an ogre
  5007 | D:4      | Noticed a fire bat
  5007 | D:4      | an ogre changed into a fire bat
  5012 | D:4      | Killed a fire bat
  5013 | D:4      | Reached skill level 3 in Invocations
  5013 | D:4      | Reached XP level 6. HP: 40/46 MP: 11/11
  5373 | D:5      | Entered Level 5 of the Dungeon
  5373 | D:5      | Reached ** piety under Nemelex Xobeh
  5625 | D:5      | Found a runed translucent door.
  5629 | D:5      | Noticed mdonais's ghost (amateur OpBr)
  5641 | D:5      | Reached skill level 4 in Invocations
  5675 | D:5      | Reached XP level 7. HP: 31/53 MP: 12/12
  6175 | D:5      | Found a hazy altar of Hepliaklqana.
  6177 | D:5      | Found a shadowy altar of Dithmenos.
  6177 | D:5      | Noticed a shadow
  6328 | D:5      | Reached skill level 5 in Invocations
  6683 | D:5      | Found Nithiy's Weapon Shop.
  6815 | D:6      | Found a staircase to the Ecumenical Temple.
  6976 | D:6      | Reached skill level 5 in Fighting
  6976 | D:6      | Reached skill level 6 in Invocations
  6976 | D:6      | Reached XP level 8. HP: 31/62 MP: 13/13
  7510 | D:6      | Reached skill level 7 in Invocations
  7784 | D:6      | Reached skill level 5 in Maces & Flails
  8616 | D:7      | Received a gift from Nemelex Xobeh
  8691 | D:7      | Reached skill level 8 in Invocations
  8703 | D:7      | Reached XP level 9. HP: 31/71 MP: 15/15
  8973 | D:7      | Found an opulent altar of Gozag.
  9467 | D:7      | Reached *** piety under Nemelex Xobeh
  9470 | D:7      | Received a gift from Nemelex Xobeh
 10656 | D:8      | Received a gift from Nemelex Xobeh
 10937 | D:8      | Found a shimmering altar of Xom.
 11115 | D:8      | Reached skill level 1 in Throwing
 11115 | D:8      | Reached skill level 9 in Invocations
 11953 | D:9      | Found a sparkling altar of Nemelex Xobeh.
 12299 | D:9      | Noticed a two-headed ogre
 12304 | D:9      | Killed a two-headed ogre
 12305 | D:9      | Reached skill level 10 in Invocations
 12333 | D:9      | Paralysed by an orc for 4 turns
 12504 | D:9      | Gained mutation: When seriously injured, your bleeding
                  | wounds create armour. (AC +6) [demonic ancestry]
 12504 | D:9      | Reached XP level 10. HP: 70/80 MP: 17/17
 12804 | D:9      | Noticed a two-headed ogre
 13309 | D:9      | Received a gift from Nemelex Xobeh
 13326 | D:9      | Reached skill level 11 in Invocations
 13390 | D:9      | Found a staircase to the Orcish Mines.
 13546 | D:9      | Killed a two-headed ogre
 13674 | D:10     | Entered Level 10 of the Dungeon
 13698 | D:10     | Found a hide-covered altar of Uskayaw.
 13720 | D:10     | Reached **** piety under Nemelex Xobeh
 13760 | D:10     | Received a gift from Nemelex Xobeh
 14082 | D:10     | Found a staircase to the Lair.
 14154 | D:10     | Noticed a manticore
 14223 | D:10     | Found a shimmering blue altar of Sif Muna.
 14899 | D:10     | HP: 3/83 [manticore (7)]
 14900 | D:10     | Demolished by a manticore

Illustrated notes

Levels and vault maps discovered:
D:1:      heliophobic_arrival_battle_scene, layout_loops_cross
D:2:      layout_loops_ring, shapermc_ecumenical_altar_mp_ritualfount,
          basic_altar
D:3:      layout_loops_corners, lemuel_crystal_altar, grunt_decor_cap
D:4:      layout_layer_cave
D:5:      layout_basic, riverfiend_overflow_shadow_ancestor,
          ebering_ghost_sewer_d, serial_shops, shop
D:6:      layout_loops_cross, minmay_temple_entry_sparse_star
D:7:      layout_loops_ring, grunt_gozag_statues, dk_vineyard_1,
          roderic_serpentine_path
D:8:      layout_layer_cave, lemuel_tele_altar, supply_closet_lemuel
D:9:      layout_loops_cross, overflow_temple_1_default, david_orc_4,
          serial_bayou_pond_e
D:10:     layout_basic, kennysheep_orc_sif_temple,
          mainiacjoe_overflow_divided_tiny, lair_entry_dummy, minmay_radiant

Skill      XL: |  1  2  3  4  5  6  7  8  9 10 |
---------------+-------------------------------+-----
Conjurations   | 2 |  2.1
Invocations    | 1 3 4 6 8 10 11 | 11.8
Fighting       | 1 2 3 5 6 8 9 |  9.5
Slings         | 1 |  1.3
Maces & Flails | 1 2 3 4 5 7 8 |  8.4
Throwing       | 1 |  1.2
Dodging        | |  1.7
Stealth        | |  1.7
Spellcasting   | |  3.5
Summonings     | |  1.4
Translocations | |  0.8

Action                   |  1- 3 |  4- 6 |  7- 9 | 10-12 || total
-------------------------+-------+-------+-------+-------++-------
Melee: Dagger            |    84 |    11 |       |       ||    95
       Headbutt          |     7 |     5 |    32 |    30 ||    74
       Whip              |       |    16 |   191 |       ||   207
       Mace              |       |       |    10 |    59 ||    69
       Dire flail        |       |       |       |    54 ||    54
 Fire: Hunting sling     |    23 |   118 |    30 |       ||   171
 Cast: Magic Dart        |    46 |     1 |     1 |       ||    48
       Call Imp          |     7 |     5 |       |       ||    12
Invok: Draw Summoning    |       |     2 |     1 |     2 ||     5
       Draw Destruction  |       |     5 |    13 |     7 ||    25
       Draw Escape       |       |     1 |     7 |     6 ||    14
Evoke: Wand              |       |       |       |     2 ||     2
  Use: Scroll            |       |     5 |     3 |     2 ||    10
 Stab: Sleeping          |     3 |       |       |     1 ||     4
Armor: Robe              |    14 |       |       |       ||    14
       Leather armour    |       |    12 |       |       ||    12
       Ring mail         |       |     4 |    50 |       ||    54
       Steam dragon scal |       |       |     6 |    28 ||    34
Dodge: Dodged            |    73 |    37 |    84 |    67 ||   261

Table legend: (Time is in decaauts)
 A = Elapsed time spent in this place.
 B = Non-inter-level travel time spent in this place.
 C = Inter-level travel time spent in this place.
 D = Time resting spent in this place.
 E = Time spent auto-exploring this place.
 F = Levels seen in this place.
 G = Mean time per level.
                   A        B        C        D        E       F      G
               +--------+--------+--------+--------+--------+-----+--------+
         Total |  14898 |  14397 |    501 |   1112 |  11576 |  10 | 1489.8 |
       Dungeon |  14898 |  14397 |    501 |   1112 |  11576 |  10 | 1489.8 |
               +--------+--------+--------+--------+--------+-----+--------+

Top non-repeatable levels by time:
     D:8: 2158 daAuts
     D:9: 1800 daAuts
     D:6: 1703 daAuts
     D:1: 1603 daAuts
     D:5: 1434 daAuts
     D:3: 1350 daAuts
     D:2: 1263 daAuts
    D:10: 1224 daAuts
     D:7: 1184 daAuts
     D:4: 1177 daAuts
